 Dungeon Crawl Stone Soup version 0.14-a0-1527-g89529d6 (webtiles) character file.

86594 PolkaDot the Cloud Mage (level 15, -6/108 HPs)
             Began as a Vampire Conjurer on Dec 17, 2013.
             Was the Champion of Vehumet.
             Killed by divine providence
             ... invoked by an orc priest
              (13 damage)
             ... on Level 13 of the Dungeon.
             The game lasted 03:52:57 (34727 turns).

PolkaDot the Cloud Mage (Vampire Conjurer)         Turns: 34727, Time: 03:52:59

HP  -6/108       AC 19     Str 10      XL: 15   Next: 37%
MP   1/52        EV 14     Int 23      God: Vehumet [******]
Gold 1481        SH 10     Dex 17      Spells:  9 memorised,  3 levels left

rFire  . . .     SeeInvis +     B - staff of power
rCold  . . .     Clarity  .     h - +4 steam dragon armour
rNeg   . . .     Conserve +     A - +2 buckler {AC+3}
rPois  .         rCorr    +     s - +2 helmet of Magic {Str+3 Int+1}
rElec  .         rRot     .     d - +1 cloak {rCorr, Cons}
SustAb . .       Spirit   .     j - +0 pair of gloves
rMut   .         Warding  .     (no boots)
Saprov . . .     Stasis   .     l - amulet of faith
                                E - ring "Threutiwn" {Dex+3 Dam+4 SInv}
                                m - ring of regeneration

@: regenerating very quickly, quite resistant to hostile enchantments, stealthy
A: bottle blood, fangs 3, repulsion field 1, molten scales 1, see invisible,
unbreathing
a: Bottle Blood, Renounce Religion


You were on level 13 of the Dungeon.
You worshipped Vehumet.
Vehumet was exalted by your worship.
You were almost alive.

You visited 4 branches of the dungeon, and saw 25 of its levels.
You also visited: Labyrinth.

You collected 1541 gold pieces.
You spent 60 gold pieces at shops.

Inventory:

Hand weapons
 a - the +10,+2 mace "Trog's Righteous Anger" {speed, rElec MR++ Str+2}
   (You took it off an orc priest on level 4 of the Dungeon)

   Attacks with this weapon take half as long, but cause slightly less damage.
   It affects your strength (+2).
   It insulates you from electricity.
   It affects your resistance to hostile enchantments.
 p - a +0,+2 cutlass
Armour
 d - a +1 cloak of preservation (worn)
 h - a +4 steam dragon armour (worn)
 j - a +0 pair of gloves (worn)
 s - the +2 helmet of Magic (worn) {Str+3 Int+1}
   (You acquired it on level 6 of the Lair of Beasts)

   It affects your strength (+3).
   It affects your intelligence (+1).
 A - a +2 buckler of protection (worn)
Magical devices
 u - a wand of teleportation (1)
Scrolls
 f - 5 scrolls of identify
 g - 2 scrolls of fog
 k - 3 scrolls of remove curse
 r - 2 scrolls of blinking
 t - 5 scrolls of teleportation
 v - a scroll of silence
 x - 2 scrolls of fear
 y - 3 scrolls of recharging
 z - a scroll of amnesia
 D - a scroll of immolation
 F - 4 scrolls of magic mapping
Jewellery
 e - an uncursed ring of protection from fire
 i - an uncursed ring of wizardry
 l - an amulet of faith (around neck)
 m - a ring of regeneration (left hand)
 E - the ring "Threutiwn" (right hand) {Dex+3 Dam+4 SInv}
   (You found it on level 7 of the Dungeon)

   [ring of see invisible]

   It affects your dexterity (+3).
   It affects your damage-dealing abilities (+4).
Potions
 w - a potion of curing
 C - a potion of cure mutation
 G - a potion of brilliance
Books
 b - a book of Wizardry

   Spells                             Type                      Level
   Summon Elemental                   Summoning                    4
   Agony                              Necromancy                   5
   Force Lance                        Conjuration                  5
   Fireball                           Conjuration/Fire             5
   Haste                              Charms                       6
   Invisibility                       Hexes                        6
 c - a book of Conjurations

   Spells                             Type                      Level
   Magic Dart                         Conjuration                  1
   *Searing Ray                       Conjuration                  2
   Dazzling Spray                     Conjuration/Hexes            3
   *Iskenderun's Mystic Blast         Conjuration                  4
   Iskenderun's Battlesphere          Conjuration/Charms           4
   Fulminant Prism                    Conjuration/Hexes            5
Magical staves
 o - an uncursed staff of energy
 B - an uncursed staff of power (weapon)


   Skills:
 - Level 7.0 Fighting
 - Level 2.1 Dodging
 - Level 3.0 Stealth
 * Level 13.3 Spellcasting
 - Level 11.8 Conjurations
 + Level 8.9 Ice Magic
 + Level 14.2 Air Magic


You had 3 spell levels left.
You knew the following spells:

 Your Spells              Type           Power        Failure   Level  Hunger
a - Airstrike             Air            ######....   1%          4    None
c - Freezing Cloud        Conj/Ice/Air   ######....   2%          6    #####..
d - Iskenderun's Mystic   Conj           ######..     1%          4    None
s - Searing Ray           Conj           ######       1%          2    None
u - Freeze                Ice            ####         1%          1    None
v - Ozocubu's Refrigerat  Ice            ######....   6%          6    #####..
x - Lightning Bolt        Conj/Air       ######....   1%          5    ##.....
z - Static Discharge      Conj/Air       ######..     1%          3    None
X - Bolt of Cold          Conj/Ice       ######....   3%          6    #####..


Dungeon Overview and Level Annotations

Branches:
Dungeon (13/16)            Temple (1/1) D:5             Orc (0/4) D:11
   Lair (8/8) D:9           Swamp (3/5) Lair:3       Spider (0/5) Lair:5
  Slime (0/6) Lair:8

Altars:
Ashenzari
Cheibriados
Elyvilon
Fedhas
Kikubaaqudgha
Makhleb
Nemelex Xobeh
Okawaru
Sif Muna
Trog
Vehumet
Xom
Yredelemnul
Zin
the Shining One
Beogh
Lugonu

Shops:
D:6 /   D:9 }


Innate Abilities, Weirdness & Mutations

Your natural rate of healing is extremely fast.
You can bottle blood from corpses.
You have razor-sharp teeth.*
You have supernaturally acute eyesight.
You can survive without breathing.*
You are surrounded by a mild repulsion field (EV +2).+ You are partially covered in molten scales (AC +1).*


Message History

Okay, then.
Read which item? (? for menu, Esc to quit)
Okay, then.
Casting: Airstrike
Confirm with . or Enter, or press ? or * to list all spells.
Aiming: Freezing Cloud
Press: ? - help, Dir - move target cursor, p - orc
Okay, then.
Casting: Freezing Cloud
Confirm with . or Enter, or press ? or * to list all spells.
Aiming: Freezing Cloud
Press: ? - help, Dir - move target cursor, p - orc That beam is likely to hit you.
Continue anyway?
* * * LOW MAGIC WARNING * * *
You are engulfed in freezing vapours.
* * * LOW HITPOINT WARNING * * *
The orc priest is engulfed in freezing vapours.
The orc priest invokes the aid of Beogh against you.
Something smites you!
You die...

# # ############# )#
###.[.....§§....####o#
#.#.#.#.#.#§#.###§o)§####
..........<....##§§..o.)..
#.#.#.#.#.#.#.###§#
............%..##o#
#.#.#.#.#.#.#.###o#
#######.......)§@§# ...
############# #. ... ##. #
# #. .#. . #.# . #.# .
#.#######.


You could see an orc warrior, an orc priest and an orc.

Vanquished Creatures
  Agnes (Swamp:1)
  Jorgrun (Swamp:2)
  A minotaur (Lab)
  18 hydras
  Harold (D:10)
  Erica (Lair:1)
  4 alligators
  3 death yaks (Lair:8)
  An unseen horror (D:13)
  An ice statue (Lair:4)
  3 swamp dragons
  Pikel (D:4)
  5 hill giants
  A red wasp (Swamp:1)
  5 griffons
  A cyclops (D:12)
  5 oklob plants (Lair:8)
  A spiny worm (Lair:8)
  3 black mambas
  14 spiny frogs
  An item mimic (Lair:5)
  A spriggan druid (Lair:8)
  An eye of devastation (D:12)
  2 fire drakes
  8 komodo dragons
  13 spriggans (Lair:8)
  12 blink frogs
  7 giant fireflies (Lair:8)
  Sonja (D:10)
  8 baby alligators
  A hydra skeleton (D:11)
  2 giant leeches (Swamp:1)
  4 polar bears (Lair:4)
  A raven (Swamp:1)
  2 bog bodies
  2 trolls
  8 slime creatures (Swamp:1)
  5 grizzly bears (Lair:8)
  A basilisk (Lair:7)
  6 ugly things (D:13)
  A wraith (D:13)
  3 elephant slugs
  52 yaks
  A manticore (D:13)
  26 wolves
  11 hippogriffs
  A steam dragon (D:8)
  8 vampire mosquitoes
  A merfolk (D:8)
  25 swamp worms
  3 necrophages
  2 hungry ghosts
  11 porcupines
  11 ice beasts
  5 swamp drakes
  A mottled dragon (D:13)
  3 sky beasts
  13 orc warriors
  2 black bears (Lair:8)
  2 ogres
  3 yellow wasps (Lair:8)
  2 slaves
  16 crocodiles
  2 phantoms
  5 centaurs
  11 water moccasins
  5 giant slugs
  Blork the orc (D:4)
  18 giant frogs
  10 agate snails
  A big kobold (D:13)
  2 cyclops skeletons
  14 killer bees
  A yak zombie (D:10)
  5 wights (D:9)
  3 jellyfish
  4 goliath beetles
  9 crimson imps
  15 hounds
  4 electric eels
  11 big fish
  A jelly (D:8)
  11 orc priests
  11 orc wizards
  2 scorpions
  9 iguanas
  A sheep (Lair:4)
  8 worker ants
  A killer bee zombie (D:10)
  Ijyb (D:4)
  A hound zombie (D:5)
  A worker ant zombie (D:8)
  22 adders
  7 gnolls
  87 green rats
  5 giant centipedes
  2 giant mites
  4 white imps (Lair:4)
  10 worms
  An inept feature mimic (D:3)
  An adder skeleton (D:6)
  An iguana skeleton (D:10)
  6 giant geckos
  46 orcs
  19 bats
  9 giant cockroaches
  16 goblins
  16 hobgoblins
  26 jackals
  9 quokkas
  3 ball pythons
  4 giant newts
  A giant spore (D:11)
  17 kobolds
  An orc skeleton (D:6)
  18 rats
  2 rat skeletons
  5 ballistomycetes (D:11)
  6 fungi
  7 plants (Lair:8)
879 creatures vanquished.

Vanquished Creatures (others)
  A soldier ant (D:11)
  4 bushes (Lair:8)
  21 fungi
  22 plants
48 creatures vanquished.

Grand Total: 927 creatures vanquished

Notes
Turn   | Place    | Note
--------------------------------------------------------------
     0 | D:1      | PolkaDot, the Vampire Conjurer, began the quest for the Orb.
     0 | D:1      | Reached XP level 1. HP: 13/13 MP: 3/3
   337 | D:1      | Reached XP level 2. HP: 2/19 MP: 0/4
   432 | D:1      | Learned a level 2 spell: Searing Ray
  1428 | D:2      | Reached XP level 3. HP: 25/25 MP: 6/6
  1666 | D:2      | Reached skill level 1 in Fighting
  2327 | D:3      | Reached XP level 4. HP: 30/32 MP: 2/7
  2491 | D:3      | Reached skill level 4 in Conjurations
  2799 | D:3      | Reached XP level 5. HP: 38/38 MP: 7/9
  2937 | D:3      | Found a bloodstained altar of Trog.
  3420 | D:4      | Noticed Ijyb
  3429 | D:4      | Killed Ijyb
  3433 | D:4      | Found a shimmering altar of Xom.
  3442 | D:4      | Noticed Blork the orc
  3468 | D:4      | Killed Blork the orc
  3666 | D:4      | Found a snail-covered altar of Cheibriados.
  3702 | D:4      | Reached XP level 6. HP: 46/46 MP: 10/10
  3711 | D:4      | Reached skill level 5 in Conjurations
  3723 | D:4      | Got a fine mace
  3726 | D:4      | Identified the +10,+2 mace "Trog's Righteous Anger" {speed, rElec MR++ Str+2} (You took it off an orc priest on level 4 of the Dungeon)
  4597 | D:5      | Entered Level 5 of the Dungeon
  4610 | D:5      | Learned a level 4 spell: Iskenderun's Mystic Blast
  4704 | D:5      | Found a staircase to the Ecumenical Temple.
  4720 | D:5      | Noticed Pikel
  4728 | Temple   | Entered the Ecumenical Temple
  4952 | D:5      | HP: 1/47 [Pikel/whip of flaming (4)]
  5066 | D:4      | Killed Pikel
  5066 | D:4      | Reached skill level 6 in Conjurations
  5066 | D:4      | Reached XP level 7. HP: 21/54 MP: 1/12
  5185 | D:5      | Reached XP level 8. HP: 32/61 MP: 1/13
  5493 | D:5      | Reached skill level 7 in Conjurations
  5967 | D:6      | Reached skill level 5 in Fighting
  5976 | D:6      | Found Zin's Purification Station.
  5987 | D:6      | Found a glowing silver altar of Zin.
  6002 | D:6      | Bought a potion of curing for 60 gold pieces
  6207 | D:6      | Found a basalt altar of Yredelemnul.
  6207 | D:6      | Found a deep blue altar of Sif Muna.
  6208 | D:6      | Found an iron altar of Okawaru.
  6754 | D:6      | Found Cuag's Magical Wand Emporium.
  6915 | D:7      | Reached skill level 8 in Conjurations
  7052 | D:7      | Reached XP level 9. HP: 48/69 MP: 14/14
  7098 | D:7      | Found a white marble altar of Elyvilon.
  7331 | D:7      | Got a glittering glass ring
  7393 | D:7      | Identified the ring "Threutiwn" {Dex+3 Dam+4 SInv} (You found it on level 7 of the Dungeon)
  8120 | D:8      | Reached skill level 9 in Conjurations
  8270 | D:8      | Found a sparkling altar of Nemelex Xobeh.
  8287 | D:8      | Gained mutation: You are surrounded by a mild repulsion field (EV +2). [potion of beneficial mutation]
  8398 | D:8      | Found a radiant altar of Vehumet.
  8410 | D:8      | Became a worshipper of Vehumet
  9158 | D:9      | Reached XP level 10. HP: 76/76 MP: 13/18
  9301 | D:9      | Identified a scroll of acquirement
  9326 | D:9      | Reached skill level 10 in Conjurations
  9487 | D:9      | Identified a +1 cloak of preservation (You acquired it on level 9 of the Dungeon)
  9586 | D:9      | Found a staircase to the Lair.
  9703 | D:9      | You fall through a shaft!
  9703 | D:10     | Entered Level 10 of the Dungeon
  9709 | D:10     | Noticed Sonja
  9709 | D:10     | Noticed a hill giant
  9861 | D:9      | Acquired Vehumet's first power
  9861 | D:9      | Offered knowledge of Sandblast by Vehumet.
 10053 | D:9      | Found Pnazanaz's Gadget Emporium.
 10274 | D:9      | Found a blossoming altar of Fedhas.
 10413 | D:10     | Noticed a hill giant
 10429 | D:10     | Killed a hill giant
 10569 | D:10     | Killed a hill giant
 10569 | D:10     | Reached skill level 5 in Spellcasting
 10569 | D:10     | Reached skill level 11 in Conjurations
 10694 | D:10     | Killed Sonja
 10742 | D:10     | Noticed Harold
 10787 | Lair:1   | Entered Level 1 of the Lair of Beasts
 10816 | Lair:1   | Found a labyrinth entrance.
 10843 | Lab      | Entered a labyrinth
 11932 | Lab      | Noticed a minotaur
 11941 | Lab      | Killed a minotaur
 11941 | Lab      | Reached XP level 11. HP: 48/81 MP: 14/24
 11999 | Lab      | Identified a +4 rod of striking (6/6) (You found it in a labyrinth)
 12336 | Lair:1   | Noticed Erica
 12364 | Lair:1   | Killed Erica
 12794 | Lair:1   | Offered knowledge of Freeze by Vehumet.
 12798 | Lair:1   | Learned a level 1 spell: Freeze
 13185 | Lair:2   | Reached skill level 1 in Ice Magic
 13267 | Lair:2   | Offered knowledge of Static Discharge by Vehumet.
 13313 | Lair:2   | Learned a level 3 spell: Static Discharge
 13394 | Lair:2   | Acquired Vehumet's second power
 13552 | Lair:2   | Reached skill level 1 in Air Magic
 13557 | Lair:2   | Offered knowledge of Conjure Flame by Vehumet.
 13896 | Lair:2   | Noticed a seven-headed hydra
 13935 | Lair:2   | Killed a seven-headed hydra
 14468 | Lair:3   | Acquired Vehumet's third power
 14482 | Lair:3   | Offered knowledge of Lee's Rapid Deconstruction by Vehumet.
 14578 | Lair:3   | Found a staircase to the Swamp.
 14579 | Lair:3   | Noticed an eight-headed hydra
 14831 | Lair:3   | Reached skill level 5 in Air Magic
 15599 | Lair:4   | TomPliss: Hey
 15600 | Lair:4   | PolkaDot: hey
 15600 | Lair:4   | Noticed an ice statue
 15601 | Lair:4   | TomPliss: Is the amulet of faith a good thing with Vehumet ?
 15602 | Lair:4   | PolkaDot: Not advisable
 15602 | Lair:4   | PolkaDot: but
 15602 | Lair:4   | TomPliss: I mean, I sometimes have not enough spell slots for his gifts, when I find a book with useful spells
 15602 | Lair:4   | PolkaDot: I have spell levels
 15602 | Lair:4   | PolkaDot: and he's not gifting well today ^^;
 15602 | Lair:4   | TomPliss: oh, right
 15602 | Lair:4   | TomPliss: you didn't find any other spellbook than the starting one ?
 15602 | Lair:4   | PolkaDot: I'll just drop the ammy if it looks troublesome
 15602 | Lair:4   | PolkaDot: well
 15602 | Lair:4   | PolkaDot: unlife
 15602 | Lair:4   | PolkaDot: and Warp
 15602 | Lair:4   | PolkaDot: Nothing with conjurations I want
 15602 | Lair:4   | TomPliss: so good ones, but not worth the early investment ?
 15602 | Lair:4   | PolkaDot: He's given one of each element
 15602 | Lair:4   | PolkaDot: conjure flame, freeze, tatic Discharge and this one
 15602 | Lair:4   | PolkaDot: I took freeze and SD
 15602 | Lair:4   | TomPliss: and LRD is hard to learn/get online when you haven't any earth spell, yeah :/
 15602 | Lair:4   | PolkaDot: Plus
 15602 | Lair:4   | PolkaDot: having taken an air conjuration early
 15602 | Lair:4   | TomPliss: you got SD so some air, right ?
 15602 | Lair:4   | TomPliss: ok,
 15602 | Lair:4   | PolkaDot: the air schoo ldoens't jive with learning earth
 15602 | Lair:4   | TomPliss: anyway, gonna play too, see ya ;)
 15602 | Lair:4   | PolkaDot: enjoy o/
 15744 | Lair:4   | Got a shimmering great mace
 15747 | Lair:4   | You fall through a shaft for 2 floors!
 15756 | Lair:6   | Noticed an eight-headed hydra
 15770 | Lair:6   | Killed an eight-headed hydra
 15770 | Lair:6   | Reached XP level 12. HP: 14/88 MP: 2/26
 15883 | Lair:5   | Found a hole to the Spider Nest.
 16104 | Lair:4   | Offered knowledge of Airstrike by Vehumet.
 16126 | Lair:4   | Learned a level 4 spell: Airstrike
 16899 | Lair:4   | Noticed a five-headed hydra
 16910 | Lair:4   | Killed a five-headed hydra
 17123 | Lair:4   | Killed an ice statue
 17123 | Lair:4   | Reached skill level 10 in Air Magic
 17401 | Lair:5   | Noticed a four-headed hydra
 17965 | Lair:5   | Killed a four-headed hydra
 18531 | Lair:5   | Noticed a six-headed hydra
 18535 | Lair:5   | Killed a six-headed hydra
 19271 | Lair:4   | Offered knowledge of Lightning Bolt by Vehumet.
 19278 | Lair:4   | Learned a level 5 spell: Lightning Bolt
 19476 | Lair:3   | Noticed a five-headed hydra
 19712 | Lair:3   | Reached skill level 12 in Air Magic
 20534 | Lair:6   | Got a jewelled helmet
 20538 | Lair:6   | Identified the +2 helmet of Magic {Str+3 Int+1} (You acquired it on level 6 of the Lair of Beasts)
 20687 | Lair:6   | Reached XP level 13. HP: 59/96 MP: 22/28
 21247 | Lair:7   | Offered knowledge of Freezing Cloud by Vehumet.
 21255 | Lair:7   | Learned a level 6 spell: Freezing Cloud
 21921 | Lair:8   | Entered Level 8 of the Lair of Beasts
 22068 | Lair:7   | Gained mutation: You are partially covered in molten scales (AC +1). [potion of mutation]
 23071 | Lair:8   | Reached skill level 13 in Air Magic
 23364 | Lair:8   | Offered knowledge of Ozocubu's Refrigeration by Vehumet.
 23538 | Lair:8   | Learned a level 6 spell: Ozocubu's Refrigeration
 23543 | Lair:8   | Reached skill level 5 in Ice Magic
 24339 | Lair:8   | Reached XP level 14. HP: 93/103 MP: 5/31
 24578 | Lair:8   | Found a staircase to the Slime Pits.
 24624 | Lair:8   | Reached skill level 10 in Spellcasting
 25097 | Lair:8   | Found a blossoming altar of Fedhas.
 25705 | Lair:3   | Killed an eight-headed hydra
 25914 | Swamp:1  | Entered Level 1 of the Swamp
 25920 | Swamp:1  | Offered knowledge of Bolt of Cold by Vehumet.
 26623 | Swamp:1  | Noticed Agnes
 26883 | Swamp:1  | Killed Agnes
 27885 | Swamp:1  | Learned a level 6 spell: Bolt of Cold
 27960 | Swamp:2  | Upgraded the game from 0.14-a0-1522-g6c286a4 to 0.14-a0-1527-g89529d6
 29431 | Swamp:2  | Noticed Jorgrun
 29448 | Swamp:2  | Killed Jorgrun
 29820 | Swamp:2  | Reached skill level 14 in Air Magic
 30315 | Swamp:2  | Reached XP level 15. HP: 75/108 MP: 29/35
 30835 | Lair:1   | Offered knowledge of Poisonous Cloud by Vehumet.
 31238 | D:10     | Killed Harold
 32084 | D:11     | Found a staircase to the Orcish Mines.
 32107 | D:11     | Found a roughly hewn altar of Beogh.
 32691 | D:11     | Offered knowledge of Conjure Ball Lightning by Vehumet.
 34727 | D:13     | Killed from afar by an orc priest

Action                   |  1- 3 |  4- 6 |  7- 9 | 10-12 | 13-15 || total
-------------------------+-------+-------+-------+-------+-------++-------
Melee: Unarmed           |     9 |       |       |       |       ||     9
       Spear             |    26 |       |       |       |       ||    26
       Hand axe          |    57 |   130 |       |       |       ||   187
       Mace              |       |    69 |   313 |   990 |   267 ||  1639
       Rod               |       |       |       |    26 |       ||    26
       Staff             |       |       |       |       |    64 ||    64
 Cast: Magic Dart        |    24 |       |       |       |       ||    24
       Searing Ray       |     2 |    21 |    38 |    88 |    20 ||   169
       Iskenderun's Myst |       |     1 |     6 |    97 |     9 ||   113
       Static Discharge  |       |       |       |     6 |     6 ||    12
       Airstrike         |       |       |       |    94 |   243 ||   337
       Freezing Cloud    |       |       |       |       |   192 ||   192
       Lightning Bolt    |       |       |       |       |    60 ||    60
 Abil: Bottle Blood      |       |       |    27 |    43 |    32 ||   102
       End Transformatio |       |       |       |     1 |     3 ||     4
       Bat Form          |       |       |       |     1 |     3 ||     4
Evoke: Wand              |       |       |     2 |    10 |     1 ||    13
  Use: Potion            |     1 |    10 |    28 |    80 |    40 ||   159
       Scroll            |     3 |     4 |    19 |    18 |     7 ||    51
 Stab: Sleeping          |     1 |     5 |     3 |    13 |     6 ||    28
       Distracted        |     1 |     1 |       |       |       ||     2
       Invisible         |       |       |       |     3 |       ||     3
